 Dungeon Crawl Stone Soup version 0.21.1-1-g345015f (webtiles) character file.

12546 Dharzhak the Martial Artist (level 11, 0/90 (91) HPs)
             Began as a Black Draconian Transmuter on Apr 2, 2018.
             Was a High Priest of Makhleb.
             Slain by rz's ghost (6 damage)
             ... on level 12 of the Dungeon on Apr 3, 2018.
             The game lasted 00:58:04 (14935 turns).

Dharzhak the Martial Artist (DrTm)                 Turns: 14935, Time: 00:58:06

HP:   0/90 (91)     AC: 16    Str: 13    XL:     11   Next: 63%
MP:   17/20         EV: 17    Int: 14    God:    Makhleb [*****.]
Gold: 714           SH:  0    Dex: 18    Spells: 1/22 levels left

rFire    . . .     SeeInvis .     - Unarmed
rCold    . . .     Gourm    .   (no shield)
rNeg     . . .     Faith    .   (armour unavailable)
rPois    .         Spirit   .   (helmet restricted)
rElec    +         Reflect  .   L - +0 cloak
rCorr    .         Harm     .   q - +2 pair of gloves
MR       .....                  (boots currently unavailable)
Stlth    ++........             (no amulet)
HPRegen  0.25/turn              J - +4 ring of dexterity
MPRegen  0.17/turn              p - +3 ring of slaying

@: icy armour, appendage (expiring), slow
A: breathe lightning, unfitting armour, talons 3, electricity resistance,
cold-blooded, AC +7
a: Breathe Lightning, End Transformation, Minor Destruction, Lesser Servant of
Makhleb, Major Destruction, Greater Servant of Makhleb, Renounce Religion


You were on level 12 of the Dungeon.
You worshipped Makhleb.
Makhleb was extremely pleased with you.
You were hungry.
You had grown temporary talons.
You visited 1 branch of the dungeon, and saw 12 of its levels.
You also visited: Sewer and Ossuary.

You collected 714 gold pieces.

Inventory:

Hand Weapons
 y - the +10 hand axe "Maqueq" {elec, rF+ Dex+5}
   (You found it on level 5 of the Dungeon)

   Occasionally, upon striking a foe, it will discharge some electrical energy
   and cause terrible harm.
   It affects your dexterity (+5).
   It protects you from fire.
Missiles
 a - 78 arrows
 f - 22 poisoned needles
 k - 7 javelins (quivered)
 C - 11 tomahawks
 F - 5 steel tomahawks
Armour
 q - a +2 pair of gloves (worn)
 L - a +0 cloak (worn)
Jewellery
 m - an uncursed ring of magical power
 p - a +3 ring of slaying (right hand)
 r - an uncursed ring of magical power
 I - an uncursed ring of flight
 J - a +4 ring of dexterity (left hand)
 N - an uncursed ring of protection from magic
Wands
 A - a wand of polymorph (10)
 D - a wand of paralysis (31)
 G - a wand of disintegration (11)
 H - a wand of flame (18)
 S - a wand of random effects (15)
Scrolls
 o - 2 scrolls of fear
 s - 3 scrolls of enchant armour
 t - 8 scrolls of teleportation
 w - a scroll of acquirement {unknown}
 x - a scroll of immolation
 z - 2 scrolls of enchant weapon
 K - a scroll of amnesia
 M - 2 scrolls of blinking {unknown}
Potions
 c - a potion of berserk rage {unknown}
 d - 4 potions of mutation
 e - 4 potions of flight
 g - 4 potions of heal wounds
 h - 3 potions of haste {unknown}
 j - a potion of cancellation
 l - 4 potions of brilliance {unknown}
 n - 8 potions of curing
 u - 6 potions of might
 B - a potion of lignification
 E - 2 potions of degeneration {unknown}
 Q - 2 potions of agility
Books
 b - a book of Changes

   Spells                             Type                      Level
   a - Beastly Appendage              Transmutation                1
   b - Sticks to Snakes               Transmutation                2
   c - Spider Form                    Transmutation/Poison         3
   d - Ice Form                       Ice/Transmutation            4
   e - Blade Hands                    Transmutation                5
 v - a book of Necromancy

   Spells                             Type                      Level
   a - Pain                           Necromancy                   1
   b - Animate Skeleton               Necromancy                   1
   c - Vampiric Draining              Necromancy                   3
   d - Regeneration                   Charms/Necromancy            3
   e - Animate Dead                   Necromancy                   4
   f - Borgnjor's Vile Clutch         Necromancy/Earth             5
 O - a book of Maledictions

   Spells                             Type                      Level
   a - Corona                         Hexes                        1
   b - Ensorcelled Hibernation        Hexes/Ice                    2
   c - Confuse                        Hexes                        3
   d - Tukima's Dance                 Hexes                        3
   e - Dazzling Spray                 Conjuration/Hexes            3
 P - a book of Frost

   Spells                             Type                      Level
   a - Freeze                         Ice                          1
   b - Throw Frost                    Conjuration/Ice              2
   c - Ozocubu's Armour               Charms/Ice                   3
   d - Throw Icicle                   Conjuration/Ice              4
   e - Summon Ice Beast               Ice/Summoning                4
Comestibles
 i - 12 rations


   Skills:
 * Level 6.4 Fighting
 + Level 2.0 Throwing
 * Level 6.7 Dodging
 + Level 2.8 Stealth
 * Level 12.2 Unarmed Combat
 * Level 6.2 Spellcasting
 + Level 0.1 Charms
 * Level 6.1 Transmutations
 * Level 3.6 Ice Magic
 + Level 1.1 Poison Magic
 * Level 3.6 Invocations


You had one spell level left.
You knew the following spells:

 Your Spells              Type           Power        Failure   Level  Hunger
a - Beastly Appendage     Tmut           ###...       1%          1    None
b - Sticks to Snakes      Tmut           ###.....     1%          2    #......
c - Spider Form           Tmut/Pois      ##........   10%         3    ###....
d - Ice Form              Ice/Tmut       ###.....     21%         4    ####...
e - Blade Hands           Tmut           ###.......   32%         5    ######.
f - Freeze                Ice            ##..         3%          1    None
g - Throw Frost           Conj/Ice       #.....       11%         2    #......
h - Ozocubu's Armour      Chrm/Ice       #.......     22%         3    ###....


Dungeon Overview and Level Annotations

Branches:
Dungeon (12/15)            Temple (0/1) D:4            Lair (0/6) D:10
    Orc (0/2) D:11

Altars:
Dithmenos
Elyvilon
Gozag
Kikubaaqudgha
Makhleb
Nemelex Xobeh
Sif Muna
Uskayaw
Wu Jian
Zin

Shops:
D:10 *   D:12 (

Annotations:
D:12 rz's ghost, journeyman MiBe


Innate Abilities, Weirdness & Mutations

You can breathe wild blasts of lightning.
Your glossy black scales are hard. (AC +7)
You cannot fit into any form of body armour.
You are resistant to electric shocks. (rElec)
You are cold-blooded and may be slowed by cold attacks.
You have claws for feet.


Message History

Rz's ghost is lightly damaged.
Your transformation is almost over.
Rz's ghost hits you!!
You feel yourself slow down. Rz's ghost freezes you!
You hit rz's ghost but do no damage. You claw rz's ghost.
You tail-slap rz's ghost, but do no damage.
Rz's ghost is lightly damaged.
Rz's ghost ripples.
Rz's ghost hits you!! Rz's ghost freezes you!
* * * LOW HITPOINT WARNING * * *
You hit rz's ghost but do no damage.
Rz's ghost is lightly damaged.
You feel yourself speed up. Rz's ghost barely misses you.
You closely miss rz's ghost. Your kick misses rz's ghost.
You tail-slap rz's ghost.
Rz's ghost is lightly damaged.
Rz's ghost hits you!
* * * LOW HITPOINT WARNING * * *
Rz's ghost freezes you.
You die...

..####+##..##...#
..####.##..##..## ...
.....#..........# ...
.....#..†.......# ....
#### #..##.##.###### ....
#..###..##.##.###<.##..#
....#...#∩.....#........#
....#...#......#....#...##
....#...+......W@........#
#######.###..########....#
#######.###..###... ..#
..<................ #
...................
.............##....
.###.##..##### ....
.######..# ... .........#
..


You could see rz's ghost.

Vanquished Creatures
  Erolcha (D:8)
  Erica (D:9)
  A two-headed ogre (D:11)
  A tengu warrior (D:10)
  2 cyclopes (D:11)
  A manticore (D:11)
  Joseph (D:9)
  Psyche (D:8)
  The ghost of oholoko the Sneak, a novice KoEn (D:4)
  A tengu conjurer (D:10)
  A troll (D:10)
  Grinder (D:6)
  A hornet (D:10)
  A hippogriff (D:8)
  3 wyverns
  4 yaks (D:10)
  A hungry ghost (D:8)
  A steam dragon (D:10)
  4 vampire mosquitoes (D:12)
  2 soldier ants (D:10)
  A water moccasin (D:10)
  An orc warrior (D:6)
  A black bear (D:6)
  3 sky beasts
  A phantom (D:9)
  4 ice beasts
  6 necrophages
  3 ogres
  A centaur (D:7)
  2 big kobolds
  3 bullfrogs
  12 scorpions
  A wight (D:11)
  A howler monkey (D:6)
  4 crimson imps
  A bullfrog zombie (D:11)
  3 centaur zombies
  A jelly (D:6)
  A quasit (D:6)
  4 human zombies (Ossuary)
  6 hounds
  5 orc priests
  5 orc wizards
  Terence (D:2)
  A centaur skeleton (D:5)
  2 iguanas
  7 worker ants
  2 big kobold zombies (Ossuary)
  A hound skeleton (D:6)
  5 mummies
  2 worker ant zombies (D:11)
  14 gnolls
  13 adders
  2 river rats (Sewer)
  4 scorpion zombies (Ossuary)
  5 shadow imps
  2 oozes
  2 adder skeletons
  2 worms (D:2)
  3 dart slugs (D:1)
  4 leopard geckos
  30 orcs
  8 bats
  12 giant cockroaches
  13 hobgoblins
  8 jackals
  13 kobolds
  7 quokkas
  3 ball pythons
  9 frilled lizards
  A giant cockroach zombie (D:5)
  9 goblins
  2 goblin zombies (Ossuary)
  3 hobgoblin zombies (Ossuary)
  3 jackal skeletons
  A kobold zombie (Ossuary)
  A leopard gecko zombie (D:7)
  An orc zombie (Ossuary)
  A quokka skeleton (D:4)
  18 rats
315 creatures vanquished.

Vanquished Creatures (collateral kills)
  A kobold (Sewer)
1 creature vanquished.

Grand Total: 316 creatures vanquished

Notes
Turn   | Place    | Note
-------+----------+-------------------------------------------
     0 | D:1      | Dharzhak the Draconian Transmuter began the quest for the Orb.
     0 | D:1      | Reached XP level 1. HP: 16/16 MP: 3/3
   336 | D:1      | Reached XP level 2. HP: 19/23 MP: 3/5
   684 | D:1      | Reached XP level 3. HP: 28/28 MP: 4/6
  1491 | D:2      | Learned a level 2 spell: Sticks to Snakes
  1495 | D:2      | Learned a level 3 spell: Spider Form
  1546 | D:2      | Reached skill level 4 in Unarmed Combat
  1546 | D:2      | Reached XP level 4. HP: 7/35 MP: 4/7
  1565 | D:2      | HP: 1/35 [poisoned by an adder]
  2175 | D:2      | Noticed Terence
  2195 | D:2      | Killed Terence
  2763 | D:2      | Found a deep blue altar of Sif Muna.
  2768 | D:2      | Found a burning altar of Makhleb.
  3001 | D:2      | Became a worshipper of Makhleb the Destroyer
  3319 | D:3      | Reached XP level 5. HP: 41/41 MP: 8/8
  4353 | D:4      | Found a sparkling altar of Nemelex Xobeh.
  4409 | D:4      | Found a glowing drain.
  4413 | D:4      | Reached * piety under Makhleb
  4425 | Sewer    | Entered a sewer
  4761 | Sewer    | Reached skill level 5 in Unarmed Combat
  4782 | Sewer    | Reached XP level 6. HP: 25/48 MP: 10/10
  4936 | Sewer    | Found a white marble altar of Elyvilon.
  4986 | D:4      | Noticed a sky beast
  5027 | D:4      | Killed a sky beast
  5291 | D:4      | Found a staircase to the Ecumenical Temple.
  5641 | D:4      | Learned a level 4 spell: Ice Form
  5685 | D:4      | Noticed an ice beast
  5725 | D:4      | Killed an ice beast
  5725 | D:4      | Reached skill level 1 in Stealth
  5725 | D:4      | Your scales start taking on a glossy black colour.
  5725 | D:4      | Reached XP level 7. HP: 56/56 MP: 12/12
  5725 | D:4      | Gained mutation: You are resistant to electric shocks. (rElec) [Black Draconian growth]
  5793 | D:4      | Noticed oholoko's ghost (novice KoEn)
  5825 | D:4      | Killed oholoko's ghost
  5825 | D:4      | Reached skill level 6 in Unarmed Combat
  6505 | D:5      | Entered Level 5 of the Dungeon
  6844 | D:5      | Reached skill level 1 in Throwing
  6845 | D:5      | Found a white marble altar of Elyvilon.
  6980 | D:5      | Reached ** piety under Makhleb
  7002 | D:5      | Reached XP level 8. HP: 57/63 MP: 14/14
  7287 | D:5      | Got a dazzling hand axe
  7301 | D:5      | Identified the +10 hand axe "Maqueq" {elec, rF+ Dex+5} (You found it on level 5 of the Dungeon)
  7525 | D:6      | Reached skill level 7 in Unarmed Combat
  7646 | D:6      | Found a glowing silver altar of Zin.
  7666 | D:6      | Found an ancient bone altar of Kikubaaqudgha.
  7668 | D:6      | Found an ornate altar of the Wu Jian Council.
  7787 | D:6      | Noticed Grinder
  7797 | D:6      | Paralysed by something for 3 turns
  7828 | D:6      | Killed Grinder
  8374 | D:6      | Reached skill level 8 in Unarmed Combat
  8374 | D:6      | Reached XP level 9. HP: 71/71 MP: 15/15
  8632 | D:7      | Reached *** piety under Makhleb
  9048 | D:7      | Found a hide-covered altar of Uskayaw.
  9182 | D:7      | Found an opulent altar of Gozag.
  9556 | D:8      | Found a sand-covered staircase.
  9565 | Ossuary  | Entered an ossuary
  9673 | Ossuary  | Reached skill level 9 in Unarmed Combat
  9715 | Ossuary  | Reached skill level 5 in Dodging
  9767 | Ossuary  | Reached **** piety under Makhleb
 10087 | D:8      | Reached skill level 5 in Transmutations
 10456 | D:8      | Noticed Psyche
 10465 | D:8      | Killed Psyche
 10465 | D:8      | Reached skill level 5 in Fighting
 10465 | D:8      | Reached skill level 10 in Unarmed Combat
 10465 | D:8      | Reached skill level 5 in Spellcasting
 10465 | D:8      | Reached XP level 10. HP: 81/81 MP: 17/17
 10801 | D:8      | Found a shadowy altar of Dithmenos.
 11138 | D:9      | Noticed Erolcha
 11157 | D:8      | Learned a level 5 spell: Blade Hands
 11176 | D:8      | Killed Erolcha
 11176 | D:8      | Reached skill level 1 in Invocations
 11418 | D:9      | Reached skill level 1 in Ice Magic
 11546 | D:9      | Noticed Erica
 11558 | D:9      | Killed Erica
 11590 | D:9      | Noticed Joseph
 11602 | D:9      | Killed Joseph
 12207 | D:10     | Entered Level 10 of the Dungeon
 12261 | D:10     | Reached skill level 11 in Unarmed Combat
 12559 | D:10     | Found Winigh's Serpentskin Sales.
 12743 | D:10     | Found a staircase to the Lair.
 12896 | D:10     | Noticed a tengu warrior
 12912 | D:10     | Killed a tengu warrior
 12912 | D:10     | Reached XP level 11. HP: 47/88 MP: 16/19
 13163 | D:10     | Learned a level 1 spell: Freeze
 13166 | D:10     | Learned a level 2 spell: Throw Frost
 13170 | D:10     | Learned a level 3 spell: Ozocubu's Armour
 13258 | D:10     | Paralysed by a hornet for 2 turns
 13267 | D:10     | Reached skill level 1 in Poison Magic
 13277 | D:10     | Reached ***** piety under Makhleb
 13661 | D:11     | Found a staircase to the Orcish Mines.
 14110 | D:11     | Reached skill level 12 in Unarmed Combat
 14396 | D:11     | Noticed a two-headed ogre
 14403 | D:11     | Killed a two-headed ogre
 14887 | D:12     | Found Jizaiquri's Weapon Shoppe.
 14925 | D:12     | Noticed rz's ghost (journeyman MiBe)
 14935 | D:12     | Slain by rz's ghost

Skill      XL: |  1  2  3  4  5  6  7  8  9 10 11 |
---------------+----------------------------------+-----
Unarmed Combat | 4 5 6 8 10 11 12 | 12.2
Dodging        | 2 3 4 5 6 |  6.7
Fighting       | 2 3 4 5 6 |  6.4
Spellcasting   | 3 4 5 6 |  6.2
Transmutations | 3 4 5 6 |  6.1
Stealth        | 1 2 |  2.8
Throwing       | 1 2 |  2.0
Invocations    | 2 3 |  3.6
Ice Magic      | 2 3 |  3.6
Poison Magic   | 1 |  1.1
Charms         | |  0.1

Action                   |  1- 3 |  4- 6 |  7- 9 | 10-12 || total
-------------------------+-------+-------+-------+-------++-------
Melee: Unarmed           |   150 |   291 |   403 |   305 ||  1149
       Tailslap          |    14 |    24 |    39 |    25 ||   102
       Headbutt          |    11 |     9 |    12 |     4 ||    36
       Kick              |     5 |    13 |    33 |    32 ||    83
       Punch             |     1 |     2 |    10 |     6 ||    19
Throw: Javelin           |       |     4 |    23 |     5 ||    32
       Tomahawk          |       |       |     4 |       ||     4
 Cast: Beastly Appendage |    17 |    15 |    19 |    11 ||    62
       Sticks to Snakes  |       |     4 |     5 |       ||     9
       Spider Form       |       |     1 |     6 |    17 ||    24
       Ozocubu's Armour  |       |       |       |     4 ||     4
       Throw Frost       |       |       |       |     1 ||     1
 Abil: Breathe Lightning |       |       |     1 |     1 ||     2
  Use: Potion            |     1 |     1 |     1 |       ||     3
       Scroll            |       |     8 |    11 |     1 ||    20
 Stab: Sleeping          |     2 |     3 |     2 |     5 ||    12
       Distracted        |       |       |       |     1 ||     1
  Eat: Chunk             |     3 |     7 |    12 |    11 ||    33
       Ration            |       |     2 |     2 |     1 ||     5
Armor: Skin              |    46 |    87 |   121 |    44 ||   298
Dodge: Dodged            |    98 |   166 |   302 |   298 ||   864
